 Dungeon Crawl Stone Soup version 0.17-a0-1849-g8a24fa2 (webtiles) character file.

0 Ololoev the Ducker (level 1, 0/11 HPs)
             Began as a Spriggan Abyssal Knight on Sept 18, 2015.
             Was a Follower of Lugonu.
             Slain by a starspawn tentacle (2 damage)
             ... attached to a tentacled starspawn
             ... on level 1 of the Abyss.
             The game lasted 00:00:14 (102 turns).

Ololoev the Ducker (Spriggan Abyssal Knight)         Turns: 102, Time: 00:00:14

Health: 0/11       AC:  2    Str:  8    XL:     1   Next: 0%
Magic:  3/3        EV: 15    Int: 13    God:    Lugonu [*.....]
Gold:   8          SH:  0    Dex: 15    Spells: 0 memorised, 0 levels left

rFire  . . .     SeeInvis +     a - +1 spear
rCold  . . .     Clarity  .     b - +0 robe
rNeg   . . .     SustAt   .     (shield restricted)
rPois  .         Gourm    .     (helmet restricted)
rElec  .         Spirit   .     (no cloak)
rCorr  .         Warding  .     (gloves unavailable)
rMut   .         Stasis   .     (boots unavailable)
MR     .....                    (no amulet)
Stlth  +.........               (no ring)
                                (no ring)

@: non-regenerating, mildly diseased, constricted, very quick, not resistant to
hostile enchantments, very unstealthy
A: unfitting armour, see invisible, herbivore 3, speed 3, slow metabolism 2
a: Depart the Abyss, Renounce Religion


Innate Abilities, Weirdness & Mutations

You are tiny and cannot use many weapons and most armour.
You have supernaturally acute eyesight.
You are a herbivore.
You cover ground extremely quickly.
You need consume almost no food.

Inventory:

Hand weapons
 a - a +1 spear (weapon)
Armour
 b - a +0 robe (worn)
Scrolls
 d - a scroll of enchant weapon {unknown}
Comestibles
 c - a bread ration


   Skills:
 + Level 2.4 Fighting
 + Level 1.3 Polearms
 + Level 3.5 Dodging
 + Level 1.7 Invocations


You couldn't memorise any spells.
You didn't know any spells.


You were on level 1 of the Abyss.
You worshipped Lugonu.
Lugonu was aware of your devotion.
You were not hungry.

You visited 0 branches of the dungeon, and saw 0 of its levels.
You visited the Abyss 1 time.

You collected 8 gold pieces.

. .. ..........#..#.....
#. ..........##..#.......
.........................
.... ........#..........
.#.# .................
.............#.#...#.
........#2..........
.....#.....#w.......
...........@#***....
#..#........w***X...
..#........#........
..#.... ........ .......
........ ....... ........
.....#. ........ .#.....
......x

Notes
Turn   | Place    | Note
--------------------------------------------------------------
     0 | Abyss:1  | Ololoev the Spriggan Abyssal Knight began the quest for the Orb.
     0 | Abyss:1  | Reached XP level 1. HP: 11/11 MP: 3/3
    40 | Abyss:1  | Noticed a starcursed mass
    84 | Abyss:1  | Noticed a shadow wraith
    87 | Abyss:1  | Noticed a small abomination
    90 | Abyss:1  | Noticed an ancient zyme
    91 | Abyss:1  | Noticed a lorocyproca
    98 | Abyss:1  | Noticed a tentacled starspawn
   102 | Abyss:1  | Noticed a small abomination
   102 | Abyss:1  | Slain by a starspawn tentacle

Dungeon Overview and Level Annotations

Branches:
Dungeon (0/15)

Altars:


Message History

Welcome, Ololoev the Spriggan Abyssal Knight.
The bosom of this dungeon contains the fabled artefact, the Orb of Zot.
Lugonu says: Depart the Abyss and spread corruption, my servant! (use the ability menu to exit the Abyss) Press ? for a list of commands and other information.
Found a corrupted altar of Lugonu.
A starcursed mass appears in a shower of translocational energy.
You are suddenly pulled into a different region of the Abyss!
Found 19 stones.
You now have 8 gold pieces.
A shadow wraith appears in a shower of sparks.
The shadow wraith gives a chilling moan.
A shadow wraith is nearby!
A small abomination comes into view.
You see here 19 stones.
An ancient zyme comes into view.
A lorocyproca comes into view.
The lorocyproca gives a chilling moan.
You feel yourself growing ill in the presence of the ancient zyme.
Found a scroll labeled ZEKLIF DEFOONO.
A tentacled starspawn comes into view.
You feel ill.
Tentacles burst from the starspawn's body!
The ancient zyme completely misses you. The ancient zyme hits you!
Ouch! That really hurt!
A small abomination comes into view.
You see here a scroll labeled ZEKLIF DEFOONO.
d - a scroll labeled ZEKLIF DEFOONO The starspawn tentacle grabs you.
You die...

You could see a tentacled starspawn, a lorocyproca (invisible), a small abomination and 2 starspawn tentacles.

Vanquished Creatures (others)
  22 starspawn tentacle segments (Abyss:1)
22 creatures vanquished.

Vault maps used:
